 Dungeon Crawl Stone Soup version 0.23.1-37-gaa34b87b72 (webtiles) character file.

Game seed: 13851840879485627605

896 GGGomer the Skirmisher (level 8, 0/70 HPs)
             Began as a Hill Orc Fighter on Mar 20, 2019.
             Slain by a yak (18 damage)
             ... on level 4 of the Dungeon.
             The game lasted 00:25:49 (6271 turns).

GGGomer the Skirmisher (Hill Orc Fighter)           Turns: 6271, Time: 00:25:49

Health: 0/70       AC:  0    Str: 21    XL:     8   Next: 7%
Magic:  10/10      EV: 13    Int:  8    God:
Gold:   25         SH:  0    Dex: 10    Spells: 10/10 levels left

rFire    . . .     SeeInvis .   (weapon currently unavailable)
rCold    . . .     Gourm    .   (shield currently unavailable)
rNeg     . . .     Faith    .   (armour currently unavailable)
rPois    .         Spirit   .   (helmet currently unavailable)
rElec    .         Reflect  .   (cloak currently unavailable)
rCorr    .         Harm     .   (gloves currently unavailable)
MR       .....                  (boots currently unavailable)
Stlth    +.........             (no amulet)
HPRegen  0.21/turn              (ring currently unavailable)
MPRegen  0.12/turn              (ring currently unavailable)

@: pig-form (expiring), drained, very quick
A: small
a: no special abilities


You were on level 4 of the Dungeon.
You were not hungry.
You were a filthy swine.
You visited 1 branch of the dungeon, and saw 5 of its levels.

You collected 193 gold pieces.
You spent 168 gold pieces at shops.

Inventory:

Hand Weapons
 a - a +0 war axe (melded)
 k - a +0 hunting sling
 A - the +7 whip "Murmur" {protect, rF+, unknown}
   (You found it on level 4 of the Dungeon)

   It protects the one who uses it against injury (+AC on strike).
   It protects you from fire.
 B - a +0 flail
Missiles
 l - 32 bolts
 m - 82 arrows
 n - 37 poisoned needles
 o - 4 curare-tipped needles
 p - 60 stones (quivered)
 q - 17 sling bullets
 v - 5 tomahawks
Armour
 c - a +1 shield (melded)
 j - a +0 chain mail (melded)
 r - a +0 scale mail
 x - a +0 cloak (melded)
Jewellery
 h - an uncursed amulet of harm
 t - a ring of flight (melded)
Wands
 C - a wand of enslavement (10)
Scrolls
 w - a scroll of enchant weapon
 y - a scroll of magic mapping
 E - 3 scrolls of identify
 F - 2 scrolls of remove curse
Potions
 b - 2 potions of curing {unknown}
 d - a potion of might
 g - 3 potions of magic
 i - a potion of agility
 z - a potion of flight {unknown}
Comestibles
 f - 6 rations


   Skills:
 * Level 6.3(5.3) Fighting
 * Level 6.1(5.1) Axes
 * Level 5.6(4.6) Armour
 - Level 0.1(0.0) Dodging
 * Level 5.5(4.6) Shields
 + Level 1.7(0.8) Spellcasting


You had 10 spell levels left.
You didn't know any spells.
Your spell library was empty.

Dungeon Overview and Level Annotations

Branches:
Dungeon (5/15)
 Temple: D:4-7

Altars:

Shops:
D:4 ?

Annotations:
D:4 Ijyb


Message History

You barely miss Ijyb. The yak barely misses you.
You closely miss Ijyb.
Ijyb zaps a wand.
You resist with some effort. The yak barely misses you.
You barely miss Ijyb. Ijyb hits you but does no damage. The yak gores you.
* * * LOW HITPOINT WARNING * * *
You closely miss Ijyb.
Ijyb zaps a wand.
The yak closely misses you. None of your equipped items are cursed.
Okay, then.
You feel much better. Ijyb hits you but does no damage. The yak gores you.
You hit Ijyb but do no damage.
Your transformation is almost over.
Ijyb zaps a wand.
You resist with some effort. The yak gores you!
* * * LOW HITPOINT WARNING * * *
You hit Ijyb.
Ijyb is lightly wounded.
Ijyb zaps a wand.
You barely miss Ijyb.
Ijyb is lightly wounded.
The yak gores you!!
You die...

..##.###....[..........#####.....
..##.##......<........## #.#..#
#..#.##...............# #.#.##
#..#.<............[..## #..⌠.⌠
...####..............# ##...∩.
.....................# ###..>⌠[⌠
........>............# ##.....###
...............Yg....###..#.#.##.
.............#..h....[.#.##...#..
...............###.###...##.#....
......#.#......# #..##..###.#....
.....##.......#####.##......#....
.#..####..........#..#.##...#....
##..#..........##.......#.#.#....
....#............................
..#.#...................#...#.##.
....#.......................#....


You could see a yak and Ijyb.

Vanquished Creatures
  A yak (D:5)
  An ogre (D:4)
  A water moccasin skeleton (D:4)
  A gnoll shaman (D:4)
  2 orc priests (D:4)
  5 orc wizards
  Natasha (thrice) (D:3)
  3 worker ants (D:4)
  4 adders
  7 gnolls
  A worker ant zombie (D:3)
  An adder skeleton (D:3)
  An adder zombie (D:3)
  2 worms
  A dart slug (D:1)
  3 leopard geckos
  20 orcs
  6 bats
  3 giant cockroaches
  3 goblins
  8 hobgoblins
  3 jackals
  10 kobolds
  A ball python (D:1)
  2 frilled lizards
  A giant cockroach zombie (D:3)
  2 leopard gecko skeletons (D:3)
  4 rats
  3 withered plants (D:3)
103 creatures vanquished.

Notes
Turn   | Place    | Note
-------+----------+-------------------------------------------
     0 | D:1      | GGGomer the Hill Orc Fighter began the quest for the Orb.
     0 | D:1      | Reached XP level 1. HP: 19/19 MP: 1/1
    82 | D:1      | Reached XP level 2. HP: 23/27 MP: 2/2
   306 | D:1      | Reached XP level 3. HP: 29/33 MP: 3/3
  1342 | D:2      | Reached XP level 4. HP: 41/41 MP: 4/4
  1959 | D:3      | Reached XP level 5. HP: 44/47 MP: 5/5
  2116 | D:3      | Noticed Natasha
  2120 | D:3      | Killed Natasha
  2518 | D:3      | Noticed Natasha
  2535 | D:3      | Killed Natasha
  2535 | D:3      | Reached skill level 5 in Fighting
  2638 | D:3      | Noticed Natasha
  2650 | D:3      | Killed Natasha
  2650 | D:3      | Reached XP level 6. HP: 47/56 MP: 5/7
  3356 | D:4      | Reached skill level 1 in Spellcasting
  3626 | D:4      | Reached skill level 5 in Axes
  3629 | D:4      | Reached skill level 5 in Armour
  3629 | D:4      | Reached XP level 7. HP: 44/62 MP: 8/8
  3921 | D:4      | Found Qapp's Magic Scroll Boutique.
  3932 | D:4      | Got a slimy whip
  3971 | D:4      | Reached skill level 5 in Shields
  4681 | D:4      | Bought 3 scrolls of identify for 84 gold pieces
  4681 | D:4      | Bought a scroll of remove curse for 42 gold pieces
  4681 | D:4      | Bought a scroll of remove curse for 42 gold pieces
  5753 | D:5      | Entered Level 5 of the Dungeon
  5786 | D:5      | Noticed a yak
  5786 | D:5      | Noticed a yak
  5786 | D:5      | Noticed a yak
  5802 | D:5      | Killed a yak
  5802 | D:5      | Reached XP level 8. HP: 4/70 MP: 10/10
  6257 | D:5      | Noticed Ijyb
  6271 | D:4      | Slain by a yak

Skill      XL: |  1  2  3  4  5  6  7 |
---------------+----------------------+-----
Fighting       | 4 5 6 |  6.3
Axes           | 3 4 5 6 |  6.1
Armour         | 4 5 |  5.6
Shields        | 4 5 |  5.5
Spellcasting   | 1 |  1.7
Dodging        | |  0.1

Action                   |  1- 3 |  4- 6 |  7- 9 || total
-------------------------+-------+-------+-------++-------
Melee: War axe           |    89 |   229 |    92 ||   410
       Unarmed           |       |       |     7 ||     7
 Abil: Evoke Flight      |       |     1 |       ||     1
  Use: Scroll            |     4 |     5 |     5 ||    14
       Potion            |       |     2 |     3 ||     5
  Eat: Chunk             |     1 |     4 |       ||     5
       Ration            |       |     2 |     2 ||     4
Armor: Scale mail        |    50 |    44 |       ||    94
       Chain mail        |       |    56 |    78 ||   134
Dodge: Dodged            |    28 |    62 |    24 ||   114
Block: Shield            |    74 |   128 |    64 ||   266
